Map: Cerulean Fall LE

Players

BIRIBA

  • Race: Zerg Zerg
  • League: Gold
  • Spawn Location: 1:00

Slini - Winner!

  • Race: Terran Terran
  • League: Gold
  • Spawn Location: 7:00

VOD

Have the link to the VOD?

Description

Time

  • Played on: Oct. 12, 2018, 5:15 p.m.
  • Length: 13:40
Show
View Real Time Build Order
Export as new Build Order

BIRIBA Zerg 

Build Orders: Hatch First 

Get SALT Encoding   

  12  0:01  Drone  
  13  0:13  Overlord  
  13  0:19  Drone  
  14  0:32  Drone x2  
  16  0:36  Drone  
  17  0:55  Hatchery  
  16  0:58  Drone  
  17  1:11  Spawning Pool  
  17  1:15  Drone  
  17  1:18  Extractor  
  17  1:20  Drone  
  17  1:23  Drone  
  18  1:30  Drone  
  19  1:40  Overlord  
  19  1:56  Drone  
  19  1:58  Queen  
  22  2:08  Queen  
  22  2:12  Drone  
  25  2:21  Zergling x6  
  28  2:26  Overlord  
  28  2:28  Metabolic Boost  
  28  2:33  Zergling x4  
  30  2:45  Baneling Nest  
  30  2:48  Zergling x2  
  30  2:49  Zergling x2  
  31  2:54  Overlord  
  31  3:00  Zergling x2  
  32  3:09  Zergling x2  
  32  3:10  Zergling x8  
  37  3:22  Zergling x4  
  37  3:23  Zergling x4  
  41  3:32  Baneling x4  
  34  3:56  Zergling x16  
  34  3:57  Zergling x2  
  26  4:57  Zergling x8  
  26  4:58  Zergling x4  
  30  5:10  Zergling x4  
  29  5:36  Zergling x12  
  29  5:37  Zergling x4  
  37  5:51  Drone x2  
  37  5:52  Hatchery  
  38  6:02  Lair  
  38  6:10  Extractor  
  37  6:15  Drone x2  
  37  6:16  Drone x7  
  46  6:33  Drone x3  
  46  7:08  Spire  
  46  7:14  Extractor  
  44  7:16  Extractor  
  44  7:19  Drone  
  44  7:20  Drone x11  
  44  7:21  Queen  
  57  7:31  Overlord x2  
  57  8:11  Drone x3  
  60  8:13  Overlord x4  
  60  8:14  Overlord  
  60  8:24  Zerg Flyer Weapons Level 1  
  60  8:26  Mutalisk  
  62  8:27  Mutalisk x2  
  62  8:33  Mutalisk x7  
  80  8:50  Mutalisk x2  
  84  8:57  Extractor  
  83  9:15  Zergling x2  
  83  9:16  Zergling x28  
  98  9:28  Mutalisk  
  98  9:29  Mutalisk x3  
  71  10:06  Mutalisk x5  
  81  10:20  Zerg Flyer Weapons Level 2  
  59  10:56  Queen  
  59  10:59  Queen  
  59  11:00  Queen  
  65  11:08  Extractor  
  64  11:13  Mutalisk x7  
  78  11:23  Hatchery  
  77  11:32  Queen  
  77  11:34  Queen  
  77  11:36  Queen  
  83  11:50  Extractor  
  82  11:55  Mutalisk x3  
  82  11:56  Extractor, Mutalisk x3  
  93  12:23  Mutalisk  
  93  12:24  Mutalisk x3  
  101  12:35  Drone x2  
  101  12:36  Drone x6  
  109  12:37  Drone x2  
Show
View Real Time Build Order
Export as new Build Order

Slini Terran - Winner!

Build Orders: MMM Bio 

Get SALT Encoding   

  12  0:01  SCV  
  13  0:13  SCV  
  14  0:17  Supply Depot  
  14  0:25  SCV  
  15  0:35  Refinery  
  15  0:39  SCV  
  16  0:46  Barracks  
  16  0:51  SCV  
  17  1:03  SCV  
  18  1:09  Refinery  
  18  1:15  SCV, Supply Depot  
  20  1:34  Orbital Command  
  19  1:41  Factory  
  19  1:48  Supply Depot  
  19  1:59  SCV  
  19  2:00  Barracks Reactor  
  20  2:11  SCV  
  21  2:23  SCV  
  22  2:35  SCV  
  23  2:46  Barracks, Barracks Tech Lab  
  23  2:47  SCV  
  23  2:48  Hellion x2  
  28  2:54  Supply Depot  
  28  2:59  SCV  
  29  3:09  Hellion x2  
  29  3:11  SCV  
  34  3:23  SCV  
  35  3:30  Command Center  
  35  3:39  Barracks Tech Lab  
  35  3:41  SCV  
  36  3:53  SCV  
  37  4:03  Siege Tank  
  37  4:04  Marine x3  
  37  4:05  SCV  
  44  4:18  SCV  
  44  4:22  Marine  
  46  4:30  SCV  
  47  4:42  SCV  
  32  4:54  Marine, SCV  
  32  4:58  Barracks Reactor  
  33  5:08  Supply Depot  
  33  5:16  Siege Tank  
  33  5:19  Marine  
  37  5:24  Stimpack  
  37  5:27  Barracks  
  31  5:37  Marine  
  32  5:48  Siege Tank  
  35  5:50  Orbital Command  
  35  5:54  Marine  
  36  6:02  Marine x2  
  36  6:03  Supply Depot  
  38  6:04  Supply Depot  
  38  6:12  Marine  
  38  6:13  Bunker  
  39  6:18  SCV  
  39  6:20  Marine x2  
  39  6:22  SCV  
  43  6:30  SCV  
  44  6:34  Marine, SCV  
  44  6:38  Barracks Reactor  
  48  6:42  Siege Tank, SCV  
  48  6:46  SCV  
  51  6:52  Marauder  
  53  6:55  SCV  
  53  7:00  Starport, Marine x2  
  56  7:05  SCV  
  56  7:07  SCV  
  58  7:13  Marine  
  59  7:18  Marine  
  59  7:20  Marine x3  
  63  7:24  Combat Shields  
  63  7:29  Engineering Bay  
  63  7:30  Engineering Bay  
  63  7:31  Marine  
  63  7:35  Marine  
  65  7:42  Medivac  
  67  7:46  SCV x2  
  69  7:58  SCV  
  69  7:59  SCV  
  70  8:08  Siege Tank  
  70  8:10  SCV  
  70  8:11  SCV  
  75  8:13  Starport Reactor  
  75  8:14  Marine x2  
  75  8:15  Marine  
  78  8:21  Supply Depot  
  78  8:24  Barracks  
  78  8:26  Supply Depot  
  78  8:28  Supply Depot  
  78  8:29  Supply Depot  
  78  8:31  Supply Depot  
  78  8:42  SCV x2, Siege Tank, Marine x2, Barracks  
  78  8:43  Barracks x2  
  78  8:44  Marine  
  78  8:48  Marine x2  
  88  8:52  Terran Infantry Weapons Level 1, Terran Infantry Armor Level 1  
  88  8:55  SCV x2  
  90  9:00  Marine  
  90  9:01  Marauder  
  90  9:02  Marine  
  94  9:07  SCV x2  
  94  9:29  Marine x5  
  94  9:30  Marine x2, Marauder  
  103  9:32  Siege Tank  
  103  9:34  Medivac x2  
  106  9:47  Marine x2  
  106  9:52  Marauder  
  76  10:16  Marine x5  
  76  10:17  Marine x3  
  77  10:22  Command Center  
  75  10:34  Marine x7  
  75  10:35  Marine  
  80  10:52  Marine x6  
  80  10:55  Medivac x2  
  92  10:58  SCV  
  93  11:05  Barracks Reactor  
  93  11:08  Barracks Reactor  
  93  11:09  Marine x2  
  93  11:10  Concussive Shells, SCV, Marine x4  
  98  11:18  Armory  
  98  11:22  SCV  
  99  11:27  Marine x3  
  99  11:28  Marine x3  
  105  11:34  SCV  
  106  11:44  Marine  
  106  11:45  Command Center, Marine x7  
  106  11:46  Marine x2  
  116  11:55  Medivac x2  
  116  12:01  Refinery  
  120  12:02  Marine x4, Refinery  
  120  12:03  Marine x5  
  120  12:05  Orbital Command  
  129  12:10  Refinery  
  119  12:18  Missile Turret  
  119  12:19  Refinery  
  119  12:21  Missile Turret  
  119  12:29  Missile Turret  
  119  12:32  Missile Turret  
  119  12:33  Missile Turret  
  119  12:45  Missile Turret  
  119  12:46  Missile Turret  
  119  12:48  Missile Turret  
  119  13:04  Marine x7  
  119  13:05  Marine x3  
  124  13:22  Marine x5  
  124  13:25  Missile Turret  
  124  13:26  Missile Turret  
Tags
 
Composition
MMM Bio
League
GoldGold
Matchup
TvZ
Spawn Locations
Cross Positions
Add a new tag
Caveats
  • Supply blocks, unpowered buildings, or Contaminate may cause inaccurate times.
  • Supply counts are checked every 10 seconds.